[Event "*** SCC Grand Prix: Titled Tuesday Blitz"]
[Site "Chess.com"]
[Date "2020.09.08"]
[Round "2"]
[White "Andreikka"]
[Black "Keures"]
[Result "1-0"]
[WhiteElo "2809"]
[BlackElo "2340"]
[TimeControl "180+1"]
[EndTime "10:16:17 PDT"]
[Termination "Andreikka won by resignation"]

1. e4 e6 2. d4 d5 3. Bd3 Be7 4. Nc3 dxe4 5. Bxe4 Nf6 6. Bf3 O-O 7. Nge2 c5 8. O-O Nc6 9. Be3 cxd4 10. Nxd4 Nxd4 11. Bxd4 Bd7 12. Bxb7 Rb8 13. Bf3 Rxb2 14. Nd5 Rb5 15.
c4 Ra5 16. Nxf6+ Bxf6 17. Bxf6 gxf6 18. Qd2 Bc8 19. Qh6 Rg5 20. Rad1 Qe7 21. Rd4 Rg6 22. Qd2 Bb7 23. Bxb7 Qxb7 24. g3 Rc8 25. Rc1 Qc6 26. c5 Kg7 27. Rd6 Qa4 28. c6 Rg5 29. c7 Qe4 30. Rd8 Qa8 31. Qd7 1-0

[Event "*** SCC Grand Prix: Titled Tuesday Blitz"]
[Site "Chess.com"]
[Date "2020.09.08"]
[Round "2"]
[White "Rozum_Ivan"]
[Black "SamuelGhimpu2003"]
[Result "0-1"]
[WhiteElo "2704"]
[BlackElo "2498"]
[TimeControl "180+1"]
[EndTime "10:16:18 PDT"]
[Termination "SamuelGhimpu2003 won by resignation"]

1. f4 d5 2. Nf3 Nh6 3. h3 Nf5 4. g4 Ng3 5. Rg1 Nxf1 6. Kxf1 h5 7. e3 Nc6 8. b3 f6 9. Bb2 Qd6 10. d3 e5 11. f5 b6 12. Nc3 Ba6 13. Kg2 O-O-O 14. e4 Nd4 15. Nxd5 Bb7 16. Ne3 Kb8 17. Qd2 Nxf3 18. Kxf3 Bxe4+ 19. Kg3 Bb7 20. Nc4 Qd7 21. Qe2 Bd6 22. Nxd6 Qxd6 23. Kf2 hxg4 24. Qxg4 e4 25. d4 e3+ 26. Ke2 Qh2+ 27. Kxe3 Rhe8+ 28. Kd3 Be4+ 29. Kc4 Qxc2+ 30. Bc3 Bd5+ 31. Kb4 a5+ 0-1

[Event "*** SCC Grand Prix: Titled Tuesday Blitz"]
[Site "Chess.com"]
[Date "2020.09.08"]
[Round "2"]
[White "AldokhinIvan"]
[Black "GigaQuparadze"]
[Result "0-1"]
[WhiteElo "2566"]
[BlackElo "2911"]
[TimeControl "180+1"]
[EndTime "10:16:20 PDT"]
[Termination "GigaQuparadze won by resignation"]

1. e4 c5 2. Nf3 e6 3. d4 cxd4 4. Nxd4 a6 5. Nc3 b5 6. Bd3 Qb6 7. Nb3 Qc7 8. Qe2 Nc6 9. Bd2 Be7 10.
O-O Nf6 11. f4 d6 12. Kh1 Bb7 13. a4 b4 14. Na2 a5 15. c3 bxc3 16. Nxc3 O-O 17.
Nb5 Qd8 18. Rad1 Nb4 19. Bb1 Qb8 20. Bc3 d5 21. Bxf6 Bxf6 22. e5 Be7 23. f5 exf5 24.
Rxf5 g6 25. Rf2 Ba6 26. N3d4 Qb6 27. Qg4 Nc6 28. Nxc6 Qxc6 29. Nd4 Qxa4 30. Bc2 Qb4 31. Rf4 Bc8 32. Qf3 Bg5 33. Qxd5 Bxf4 34. Qxa8 Bg4 35. Qd5 Bxd1 0-1

[Event "*** SCC Grand Prix: Titled Tuesday Blitz"]
[Site "Chess.com"]
[Date "2020.09.08"]
[Round "2"]
[White "Martins-BR"]
[Black "pedromartinez91"]
[Result "0-1"]
[WhiteElo "2263"]
[BlackElo "2470"]
[TimeControl "180+1"]
[EndTime "10:16:21 PDT"]
[Termination "pedromartinez91 won by resignation"]

1. e4 e6 2. d4 c5 3. Nf3 cxd4 4. Nxd4 Nf6 5. Nc3 Bb4 6. e5 Nd5 7. Qg4 O-O 8. Bd2 f5 9. Qg3 Nc6 10. Nxc6 bxc6 11. f4 Qa5 12. Be2 Ba6 13. Bxa6 Qxa6 14. a3 Bxc3 15. Bxc3 Qc4 16. Rf1 Rab8 17. Qd3 Qc5 18.
Bd4 Qa5+ 19. Qd2 Qa4 20. O-O-O c5 21. Bc3 Rb7 22. b3 Qxa3+ 23. Bb2 Qa2 24. Rf3 c4 25. Qd4 cxb3 26. Rxb3 Rxb3 27. cxb3 Qxb3 28. Kd2 Rb8 29.
Bc3 Rc8 30. Rc1 Rxc3 31. Rxc3 Qxc3+ 32. Qxc3 Nxc3 33. Kxc3 Kf7 34. Kb4 Ke7 35. Kb5 d6 36. exd6+ Kxd6 37. Ka6 Kd5 0-1

[Event "*** SCC Grand Prix: Titled Tuesday Blitz"]
[Site "Chess.com"]
[Date "2020.09.08"]
[Round "2"]
[White "BJthechessgod"]
[Black "Makswolf200817"]
[Result "1-0"]
[WhiteElo "2231"]
[BlackElo "2420"]
[TimeControl "180+1"]
[EndTime "10:16:21 PDT"]
[Termination "BJthechessgod won by resignation"]

1. e4 c5 2. Nf3 e6 3. d4 cxd4 4. Nxd4 a6 5. Nc3 Qc7 6. Bd3 Nf6 7. Bd2 b5 8. O-O Bb7 9. a3 g6 10.
f4 Bg7 11. e5 Nd5 12. Ne4 O-O 13. Qe1 Nc6 14. Nxc6 Qxc6 15. Bb4 Nxb4 16. Qxb4 d5 17. Nf6+ Kh8 18. Qd4 Rac8 19. Rf3 Rfd8 20. Rh3 h6 21. Rf1 Bf8 22. b4 Qc3 23. Qb6 Qc7 24. Qd4 Ba8 25. g4 Qc3 26. Qf2 Qc6 27. g5 h5 28. Nxh5 gxh5 29.
Rxh5+ Kg7 30. Rh7+ Kg8 31. Qh4 Qb6+ 32. Rf2 Bg7 33.
Rxg7+ Kxg7 34. Qh6+ Kg8 35. Bh7+ 1-0

[Event "*** SCC Grand Prix: Titled Tuesday Blitz"]
[Site "Chess.com"]
[Date "2020.09.08"]
[Round "2"]
[White "AlexSuv"]
[Black "kirillshevchenko"]
[Result "0-1"]
[WhiteElo "2546"]
[BlackElo "2857"]
[TimeControl "180+1"]
[EndTime "10:16:22 PDT"]
[Termination "kirillshevchenko won by resignation"]

1. d4 Nf6 2. c4 g6 3. Nc3 d5 4.
Nf3 Bg7 5. Qb3 dxc4 6. Qxc4 O-O 7. e4 a6 8. e5 b5 9. Qb3 Nfd7 10. e6 fxe6 11. a4 b4 12. Qxb4 c5 13. dxc5 Nc6 14. Qe4 Bb7 15. Qxe6+ Kh8 16. Be2 Rxf3 17. gxf3 Nd4 18.
Qa2 Ne5 19. Be3 Nxe2 20. Nxe2 Nxf3+ 21. Kf1 Qd7 22. h3 Nd2+ 23. Bxd2 Bxh1 24. Be3 Bd5 25. Qb1 Qxh3+ 26. Ke1 Rd8 27. Qd3 Qh1+ 28. Kd2 Qxa1 0-1

[Event "*** SCC Grand Prix: Titled Tuesday Blitz"]
[Site "Chess.com"]
[Date "2020.09.08"]
[Round "2"]
[White "ajedrezsinlimites"]
[Black "jamik13"]
[Result "1-0"]
[WhiteElo "2427"]
[BlackElo "2190"]
[TimeControl "180+1"]
[EndTime "10:16:22 PDT"]
[Termination "ajedrezsinlimites won by resignation"]

1. e4 c5 2. Nf3 Nc6 3. d4 cxd4 4. Nxd4 Nf6 5. Nc3 e5 6. Ndb5 d6 7. Bg5 a6 8. Na3 b5 9. Nd5 Be7 10. Bxf6 Bxf6 11. c3 Ne7 12. Nc2 Nxd5 13. Qxd5 Rb8 14. Ne3 O-O 15. Be2 Be6 16. Qd3 Bg5 17. Nd5 f5 18.
Bf3 Kh8 19. exf5 Bxf5 20. Be4 Qd7 21. O-O a5 22. Rad1 b4 23. c4 g6 24. f3 Be6 25.
Kh1 Bxd5 26. Qxd5 Rfd8 27. Qxa5 Be3 28. Qd5 Bd4 29. Rd2 Rbc8 30. Rfd1 Rc5 31. Qb7 Qxb7 32. Bxb7 Ra5 33. b3 Rb8 34. Bc6 Rb6 35. Ba4 Kg7 36.
g3 Kf6 37. Kg2 g5 38. Re2 Ra7 39. Re4 Ke6 40. Rdxd4 1-0

[Event "*** SCC Grand Prix: Titled Tuesday Blitz"]
[Site "Chess.com"]
[Date "2020.09.08"]
[Round "2"]
[White "Ladislav1969"]
[Black "Ramu_K_FM_FT"]
[Result "1-0"]
[WhiteElo "2360"]
[BlackElo "1963"]
[TimeControl "180+1"]
[EndTime "10:16:22 PDT"]
[Termination "Ladislav1969 won by resignation"]

1. e4 c5 2. d4 cxd4 3. c3 dxc3 4. Nxc3 e6 5. Nf3 a6 6. Bc4 d6 7. O-O Nc6 8. Qe2 Qc7 9. Bf4 Ne5 10. Bxe5 dxe5 11. Rac1 Qb8 12. Rfd1 Be7 13. Bb5+ Kf8 14. Na4 axb5 15. Nb6 Nf6 16. Rxc8+ Qxc8 17. Nxc8 Rxc8 18. Qxb5 g6 19. Qxb7 Rc2 20. h3 Bc5 21. Nxe5 Bxf2+ 22. Kh1 1-0

[Event "*** SCC Grand Prix: Titled Tuesday Blitz"]
[Site "Chess.com"]
[Date "2020.09.08"]
[Round "2"]
[White "mfwagnerpeixoto"]
[Black "NiranjanNavalgund"]
[Result "1-0"]
[WhiteElo "2261"]
[BlackElo "2444"]
[TimeControl "180+1"]
[EndTime "10:16:23 PDT"]
[Termination "mfwagnerpeixoto won by checkmate"]

1. e4 e5 2. Nf3 Qe7 3. d3 g6 4. g3 Bg7 5. Bg2 d6 6. O-O h5 7. h3 c6 8. Nc3 Be6 9. Re1 Nd7 10. d4 exd4 11. Nxd4 O-O-O 12. Nxe6 fxe6 13. Be3 Kb8 14. Qd2 Ngf6 15. Rad1 Nb6 16. Bg5 Qf7 17. e5 dxe5 18. Qxd8+ Rxd8 19. Rxd8+ Kc7 20. Rdd1 Nfd5 21. Ne4 Bf8 22. c4 Nxc4 23. b3 Ncb6 24. Rc1 Bb4 25. Red1 a5 26. Bh4 Ba3 27. Ng5 Qe8 28. Rc2 Nb4 29. Re2 N6d5 30. Rxe5 Kb6 31. Rxe6 Qf8 32.
Bxd5 Nxd5 33. Rxd5 Ka7 34. Rd7 Qb4 35. Rxc6 Qe1+ 36.
Kg2 Kb8 37. Rcc7 Bd6 38. Rxb7+ Kc8 39. Nf3 Qe4 40. Ra7 Bb8 41. Rd8# 1-0

[Event "*** SCC Grand Prix: Titled Tuesday Blitz"]
[Site "Chess.com"]
[Date "2020.09.08"]
[Round "2"]
[White "kobemagic"]
[Black "reniite"]
[Result "1-0"]
[WhiteElo "2355"]
[BlackElo "1892"]
[TimeControl "180+1"]
[EndTime "10:16:23 PDT"]
[Termination "kobemagic won on time"]

1. c4 e5 2. g3 d5 3. Bg2 Nf6 4. cxd5 Nxd5 5. Nf3 Nc6 6. O-O Be7 7. d4 exd4 8. Nxd4 Nxd4 9. Qxd4 Nf6 10. Qa4+ c6 11. Qb3 O-O 12. Rd1 Qb6 13. Qxb6 axb6 14. Nc3 Be6 15. Be3 Rfd8 16. Bxb6 Rxd1+ 17. Rxd1 Kf8 18. a3 h6 19. h3 g5 20. e4 Kg7 21. e5 Nd7 22.
Bc7 Rc8 23. Bd6 Bxd6 24. exd6 Nc5 25. b4 Na6 26. b5 1-0

[Event "*** SCC Grand Prix: Titled Tuesday Blitz"]
[Site "Chess.com"]
[Date "2020.09.08"]
[Round "2"]
[White "Hypercar"]
[Black "Phenix2k"]
[Result "1-0"]
[WhiteElo "2408"]
[BlackElo "2158"]
[TimeControl "180+1"]
[EndTime "10:16:24 PDT"]
[Termination "Hypercar won by resignation"]

1. d4 Nf6 2. Nf3 g6 3. g3 Bg7 4. Bg2 d5 5. O-O O-O 6. Nbd2 c6 7. c4 Bf5 8. b3 a5 9. Bb2 a4 10. Ne5 Qa5 11. Qc1 Nbd7 12. Bc3 Qb6 13. c5 Qc7 14. f4 Ng4 15. Ndf3 Ngxe5 16. Nxe5 Nf6 17. h3 axb3 18. axb3 Be4 19. Bf3 e6 20. Qd2 Bxf3 21. exf3 Nd7 22.
Ba5 Qc8 23. Bc3 Nxe5 24. fxe5 Qc7 25. h4 f6 26. f4 Rxa1 27. Rxa1 fxe5 28. fxe5 Qf7 29.
Qe2 Qf5 30. Kg2 Bh6 31. Rf1 Qxf1+ 32. Qxf1 Rxf1 33. Kxf1 Be3 34. Ke2 Bc1 35. Bd2 Bb2 36. Be3 h5 37. Kd3 Kf7 38. Kc2 Ba3 39. Bd2 Ke7 40.
b4 b6 41. Kb3 bxc5 42. dxc5 Bxb4 43. Kxb4 Kd7 44. Ka5 Kc7 45. Ka6 d4 46. Bg5 d3 47.
Bd2 1-0

[Event "*** SCC Grand Prix: Titled Tuesday Blitz"]
[Site "Chess.com"]
[Date "2020.09.08"]
[Round "2"]
[White "Mikhail_Golubev"]
[Black "Hikaru"]
[Result "1/2-1/2"]
[WhiteElo "2613"]
[BlackElo "3208"]
[TimeControl "180+1"]
[EndTime "10:16:26 PDT"]
[Termination "Game drawn by agreement"]

1. e4 d5 2. exd5 Qxd5 3. Nf3 Nc6 4. Be2 Bg4 5. d4 O-O-O 6. c4 Qa5+ 7. Bd2 Qf5 8. Be3 Nf6 9. Nbd2 e6 10. a3 h6 11.
O-O g5 12. b4 Bxf3 13. Nxf3 g4 14. Nh4 Qh5 15. b5 Nxd4 16. Bxd4 Qxh4 17. Qa4 Rxd4 18.
Qxa7 e5 19. c5 Kd8 20. Qb8+ Ke7 21. Qxc7+ Ke6 22. Qc8+ Ke7 23. Qc7+ Ke6 24. Qc8+ Nd7 25. c6 bxc6 26. bxc6 Bg7 27. cxd7 Rxd7 28. Bc4+ Ke7 29. Qc5+ Kf6 30. Qc6+ Ke7 31. Qc5+ Kf6 32. Qc6+ Ke7 1/2-1/2

[Event "*** SCC Grand Prix: Titled Tuesday Blitz"]
[Site "Chess.com"]
[Date "2020.09.08"]
[Round "2"]
[White "Mambastik-Fantastic"]
[Black "Mr_Sinigami"]
[Result "0-1"]
[WhiteElo "2299"]
[BlackElo "2543"]
[TimeControl "180+1"]
[EndTime "10:16:26 PDT"]
[Termination "Mr_Sinigami won by resignation"]

1. e4 c5 2. Nf3 e6 3. d4 cxd4 4. Nxd4 a6 5. c4 Qc7 6. Be3 Nf6 7. Nc3 Bb4 8. Bd3 Nc6 9. Rc1 Ne5 10. h3 O-O 11. O-O Nxd3 12. Qxd3 Be7 13. Rfd1 d6 14. a3 b6 15. b4 Bb7 16. Nb3 Rac8 17. Na4 Bxe4 18.
Qd4 Bxg2 19. Nxb6 Bxh3 20. Nxc8 Qxc8 21. c5 e5 22. Qh4 d5 23. Bg5 h6 24. Bxf6 Bxf6 25. Qg3 d4 26. a4 Re8 27. b5 axb5 28.
axb5 Bg5 29. Ra1 Bf4 30. Qh4 Re6 31. Qxh3 Rg6+ 32. Qg2 Qh3 33. Qxg6 Bh2+ 34. Kh1 Bg3+ 0-1

[Event "*** SCC Grand Prix: Titled Tuesday Blitz"]
[Site "Chess.com"]
[Date "2020.09.08"]
[Round "2"]
[White "tk22h"]
[Black "Sn00pPawn"]
[Result "1-0"]
[WhiteElo "2369"]
[BlackElo "2011"]
[TimeControl "180+1"]
[EndTime "10:16:30 PDT"]
[Termination "tk22h won on time"]

1. c4 e5 2. Nc3 Nf6 3. Nf3 Nc6 4. g3 Bb4 5. Bg2 O-O 6. O-O Bxc3 7. dxc3 Qe7 8. Bg5 h6 9. Bxf6 Qxf6 10. Ne1 b6 11. Nc2 Bb7 12. Ne3 Na5 13. Qxd7 Bxg2 14. Kxg2 Rfd8 15.
Qxc7 Rd2 16. b4 Qc6+ 17. Qxc6 Nxc6 18. Rfd1 Rxe2 19. Kf1 Rb2 20. Ke1 Kf8 21. Rd2 Rxd2 22. Kxd2 e4 23. a4 Ne5 24. h4 Rc8 25. a5 Rc6 26.
axb6 axb6 27. Ra7 g6 28. c5 bxc5 29. b5 Rd6+ 30. Kc2 Nd7 31. Nc4 Rd5 32. b6 Ke7 33.
Ra8 Ke6 34. b7 Rf5 35. Rd8 Rxf2+ 36. Kb3 Rf1 37. Rxd7 Kxd7 38. b8=Q Rb1+ 39. Nb2 1-0

[Event "*** SCC Grand Prix: Titled Tuesday Blitz"]
[Site "Chess.com"]
[Date "2020.09.08"]
[Round "2"]
[White "Shield12"]
[Black "PIwan"]
[Result "1-0"]
[WhiteElo "2813"]
[BlackElo "2527"]
[TimeControl "180+1"]
[EndTime "10:16:32 PDT"]
[Termination "Shield12 won by resignation"]

1. e4 e6 2. d4 d5 3. Nd2 Be7 4. e5 c5 5. c3 Nc6 6. Bd3 Qb6 7.
Ndf3 cxd4 8. cxd4 Bd7 9. a3 Nxd4 10. Nxd4 Qxd4 11. Nf3 Qb6 12. O-O Bb5 13. Be3 Qa6 14. Bxb5+ Qxb5 15. Nd4 Qd7 16. Rc1 Bd8 17. Qg4 g6 18. Qe2 a6 19. Nb3 Ne7 20. Nc5 Qb5 21. Qxb5+ axb5 22. Nxb7 Nf5 23. g4 Nxe3 24. fxe3 Be7 25.
Rc7 h5 26. Nd6+ Bxd6 27. exd6 Rd8 28. Re7+ Kf8 29. Rfxf7+ Kg8 30. Rd7 Rxd7 31. Rxd7 Rh6 32. g5 1-0

[Event "*** SCC Grand Prix: Titled Tuesday Blitz"]
[Site "Chess.com"]
[Date "2020.09.08"]
[Round "2"]
[White "AsaHoffmann"]
[Black "lelya96"]
[Result "1-0"]
[WhiteElo "2409"]
[BlackElo "2160"]
[TimeControl "180+1"]
[EndTime "10:16:33 PDT"]
[Termination "AsaHoffmann won by resignation"]

1. d4 d5 2. Bg5 c5 3. dxc5 Qa5+ 4. Nc3 e6 5. e4 Bxc5 6. exd5 Bb4 7. Bd2 Nf6 8. dxe6 Bxe6 9. Nf3 O-O 10. Bd3 Nc6 11.
O-O Bg4 12. h3 Bh5 13. a3 Bd6 14. Ne4 Qd8 15. Nxd6 Qxd6 16. Bb4 Qc7 17. Bxf8 Rxf8 18.
Re1 Nd4 19. Be2 Nxf3+ 20. Bxf3 Bxf3 21. Qxf3 Qxc2 22. Qxb7 a5 23. Rac1 Qf5 24. Qf3 Qg5 25. Rc3 h6 26. Rce3 Rc8 27. b4 axb4 28. axb4 Qb5 29.
Rb1 Rc4 30. Qe2 Nd5 31. Re5 Qd7 32. Qxc4 1-0

[Event "*** SCC Grand Prix: Titled Tuesday Blitz"]
[Site "Chess.com"]
[Date "2020.09.08"]
[Round "2"]
[White "Funo09"]
[Black "Benjoneliere44"]
[Result "1-0"]
[WhiteElo "2843"]
[BlackElo "2540"]
[TimeControl "180+1"]
[EndTime "10:16:35 PDT"]
[Termination "Funo09 won by resignation"]

1. e4 c5 2. Nc3 Nc6 3. Bb5 Nd4 4. Nf3 g6 5. Bc4 Bg7 6. Nxd4 cxd4 7. Qf3 Nh6 8. Ne2 O-O 9. d3 Ng4 10. Qg3 Ne5 11.
Bb3 a5 12. a4 e6 13. Nxd4 d5 14.
exd5 exd5 15. O-O Nc6 16. Nb5 Bf5 17. Bg5 Qd7 18. c3 h6 19. Bf4 g5 20. Bd6 Rfd8 21. Bc7 Re8 22. d4 Re2 23. Bd6 Rxb2 24. Bxd5 Re8 25.
Rae1 Bg6 26. h4 gxh4 27. Qxg6 Rxe1 28. Rxe1 h3 29. Bxf7+ Kh8 1-0

[Event "*** SCC Grand Prix: Titled Tuesday Blitz"]
[Site "Chess.com"]
[Date "2020.09.08"]
[Round "2"]
[White "zajka-molotok"]
[Black "juli2512"]
[Result "1-0"]
[WhiteElo "2376"]
[BlackElo "2041"]
[TimeControl "180+1"]
[EndTime "10:16:36 PDT"]
[Termination "zajka-molotok won by resignation"]

1. d4 f5 2. Nf3 Nf6 3. g3 g6 4.
Bg2 Bg7 5. O-O O-O 6. c4 d6 7. Nc3 Nc6 8. d5 Na5 9. b3 Ne4 10. Nxe4 Bxa1 11. Bh6 Bg7 12. Bxg7 Kxg7 13. Qd4+ Kg8 14.
Neg5 c5 15. Qh4 h5 16. e4 fxe4 17. Nxe4 e5 18. dxe6 Bxe6 19. Nfg5 Bf5 20. Rd1 Qe7 21. Nxd6 Rad8 22. Bd5+ Kg7 23. Ne6+ Qxe6 24. Bxe6 Bxe6 25. Qe7+ 1-0

[Event "*** SCC Grand Prix: Titled Tuesday Blitz"]
[Site "Chess.com"]
[Date "2020.09.08"]
[Round "2"]
[White "jeetjain"]
[Black "PawnEatingZombie"]
[Result "1-0"]
[WhiteElo "2401"]
[BlackElo "2137"]
[TimeControl "180+1"]
[EndTime "10:16:37 PDT"]
[Termination "jeetjain won on time"]

1. e4 c6 2. d4 d5 3. e5 Bf5 4. h4 h5 5. Bd3 Bxd3 6. Qxd3 Qa5+ 7. Nd2 e6 8. c4 dxc4 9. Qxc4 Ne7 10. Nf3 Nd5 11.
O-O Nd7 12. Ne4 Be7 13. Bg5 f6 14. exf6 gxf6 15. Bd2 Qb5 16. Qc2 Kf7 17. Rfe1 Rhg8 18. Ng3 Rh8 19. Qe4 Nf8 20. b3 a5 21. Rab1 Bb4 22.
Bxb4 Qxb4 23. Qd3 Qc3 24. Qc4 b5 25. Qe2 Nf4 26. Qe4 Nd5 27. Rbc1 Qb2 28. Rxc6 Qxa2 29. Rxe6 Rd8 30. Ng5+ fxg5 31. Qf5+ 1-0

[Event "*** SCC Grand Prix: Titled Tuesday Blitz"]
[Site "Chess.com"]
[Date "2020.09.08"]
[Round "2"]
[White "tteshan"]
[Black "Renegade_Hitman"]
[Result "1-0"]
[WhiteElo "2401"]
[BlackElo "2129"]
[TimeControl "180+1"]
[EndTime "10:16:37 PDT"]
[Termination "tteshan won on time"]

1. e4 e6 2. d4 d5 3. Nd2 Nf6 4. e5 Nfd7 5. Bd3 c5 6. c3 Nc6 7. Ne2 Qb6 8. Nf3 Be7 9. O-O O-O 10. a3 f5 11. exf6 Nxf6 12. b4 cxd4 13. cxd4 Ne4 14.
Be3 Qd8 15. Bxe4 dxe4 16. Nd2 e5 17. Qb3+ Kh8 18. d5 Nd4 19. Nxd4 exd4 20. Bxd4 Bf5 21. Rfe1 Bf6 22. Bxf6 Qxf6 23. Rad1 Rae8 24. Qe3 Bg4 25.
Rc1 Qd6 26. Qc5 1-0

[Event "*** SCC Grand Prix: Titled Tuesday Blitz"]
[Site "Chess.com"]
[Date "2020.09.08"]
[Round "2"]
[White "seorobert1971"]
[Black "geordie_derraugh"]
[Result "1-0"]
[WhiteElo "2680"]
[BlackElo "2417"]
[TimeControl "180+1"]
[EndTime "10:16:42 PDT"]
[Termination "seorobert1971 won by resignation"]

1. c4 Nf6 2. Nc3 e5 3. Nf3 Nc6 4. g3 Bc5 5. Bg2 O-O 6. O-O d6 7. d3 Re8 8. Na4 Bb6 9. h3 h6 10. Nxb6 axb6 11. e4 Be6 12. b3 Qd7 13. Kh2 Nh7 14.
d4 exd4 15. Nxd4 Nxd4 16. Qxd4 f6 17. a4 b5 18. cxb5 Bxb3 19. Qb4 Qf7 20. Be3 Re7 21.
Rfc1 Qe6 22. a5 Ng5 23. h4 Nf7 24. Rc3 Ba2 25. Qa4 Ne5 26. Qxa2 Ng4+ 27. Kg1 Qxa2 28.
Rxa2 1-0

[Event "*** SCC Grand Prix: Titled Tuesday Blitz"]
[Site "Chess.com"]
[Date "2020.09.08"]
[Round "2"]
[White "niki_2003"]
[Black "Love_craft"]
[Result "0-1"]
[WhiteElo "1625"]
[BlackElo "2607"]
[TimeControl "180+1"]
[EndTime "10:16:42 PDT"]
[Termination "Love_craft won by checkmate"]

1. d4 Nf6 2. c4 g6 3. Nc3 Bg7 4. e4 d6 5. Nf3 O-O 6. Be2 Nbd7 7. Be3 e5 8. O-O c6 9. d5 c5 10. a3 Ne8 11. b4 b6 12. Bg5 Bf6 13. Bh6 Ng7 14. Qd2 Be7 15. Ne1 f5 16. f4 exf4 17. Bxf4 g5 18. Be3 f4 19. Bf2 Ne5 20. Nf3 Bf6 21. g3 g4 22. Nxe5 Bxe5 23. Be1 Nh5 24.
Qd3 Qf6 25. Rc1 Qh6 26. Qd1 Bd4+ 27. Bf2 fxg3 28. hxg3 Nxg3 29. Bxd4 Qh1# 0-1

[Event "*** SCC Grand Prix: Titled Tuesday Blitz"]
[Site "Chess.com"]
[Date "2020.09.08"]
[Round "2"]
[White "VladimirBugayev"]
[Black "dragos420"]
[Result "0-1"]
[WhiteElo "2276"]
[BlackElo "2495"]
[TimeControl "180+1"]
[EndTime "10:16:42 PDT"]
[Termination "dragos420 won by resignation"]

1. e4 e5 2. Nf3 Nc6 3. Nc3 Nf6 4. d4 exd4 5. Nxd4 Bb4 6. Nxc6 bxc6 7. Bd3 O-O 8. O-O d5 9. exd5 cxd5 10. h3 h6 11.
Qf3 c6 12. Bf4 Bd6 13. b3 Rb8 14. Rad1 Qc7 15. Ne2 Bxf4 16. Nxf4 Rb4 17. c4 Ba6 18. Rc1 dxc4 19. Bxc4 Bxc4 20. Rxc4 Rxc4 21. bxc4 Rd8 22. Qe3 Re8 23. Qd2 Re4 24. g3 Rxc4 25. Rb1 Re4 26. Rc1 Re8 27. Kg2 Rc8 28. Rc5 Ne4 29. Qd4 Nxc5 30. Qxc5 Qb6 31. Qe7 c5 32. Qe5 Qf6 33. Qe4 Qc6 34. Nd5 Kh8 35. Kh2 Rd8 0-1

[Event "*** SCC Grand Prix: Titled Tuesday Blitz"]
[Site "Chess.com"]
[Date "2020.09.08"]
[Round "2"]
[White "Bulatova_Kamaliya"]
[Black "SavelievAlexei"]
[Result "0-1"]
[WhiteElo "2132"]
[BlackElo "2407"]
[TimeControl "180+1"]
[EndTime "10:16:44 PDT"]
[Termination "SavelievAlexei won by resignation"]

1. d4 Nf6 2. Bf4 d5 3. e3 c5 4.
c3 Nc6 5. Nd2 cxd4 6. exd4 Bf5 7. Ngf3 e6 8. Nh4 Bg4 9. Qb3 Qc8 10. h3 Bh5 11. g4 Bg6 12. Bg2 Qd7 13. Nhf3 h5 14. g5 Ne4 15. Ne5 Nxe5 16. Bxe5 Nxg5 17. O-O-O f6 18. Bh2 Be7 19. f4 Nf7 20. Nf3 Be4 21.
Rhe1 Nd6 22. Rd2 a5 23. a4 b5 24. axb5 a4 25. Qa2 Nxb5 26. Rxe4 dxe4 27. Nh4 a3 28. Bxe4 axb2+ 29. Qxb2 Ba3 30. Qxa3 Rxa3 31. Bg6+ Ke7 0-1

[Event "*** SCC Grand Prix: Titled Tuesday Blitz"]
[Site "Chess.com"]
[Date "2020.09.08"]
[Round "2"]
[White "GaboSalazar2001"]
[Black "WIDBIFS"]
[Result "0-1"]
[WhiteElo "2332"]
[BlackElo "2703"]
[TimeControl "180+1"]
[EndTime "10:16:46 PDT"]
[Termination "WIDBIFS won by resignation"]

1. e4 c6 2. Nc3 d5 3. Nf3 Bg4 4. h3 Bxf3 5. gxf3 Nf6 6. d4 e6 7. Rg1 g6 8. Bg5 Be7 9. Qd3 Nbd7 10. O-O-O Nh5 11. Be3 Qc7 12. Kb1 O-O-O 13. Be2 a6 14. Qd2 Bd6 15. e5 Be7 16. Bh6 Rdg8 17. f4 Ng7 18. Bxg7 Rxg7 19. Qe3 Rhg8 20. Rg2 Kb8 21. Rdg1 Nb6 22. Qg3 c5 23. dxc5 Bxc5 24. h4 h5 25. Qd3 Bb4 26. Bxh5 Rh7 27. Bf3 Rxh4 28. Ne2 Rc8 29. c3 Bc5 30. Nd4 Rxf4 31. Rh2 Nc4 32. Ne2 Rf5 33. Bg4 Nxe5 34. Qg3 Nxg4 35.
Qxc7+ Rxc7 36. Rxg4 Rxf2 37. Rxf2 Bxf2 38. Rf4 Be3 39.
Rf3 Bg5 40. Nd4 e5 0-1

[Event "*** SCC Grand Prix: Titled Tuesday Blitz"]
[Site "Chess.com"]
[Date "2020.09.08"]
[Round "2"]
[White "rakshi2005"]
[Black "Caterpiller35"]
[Result "0-1"]
[WhiteElo "2249"]
[BlackElo "2464"]
[TimeControl "180+1"]
[EndTime "10:16:46 PDT"]
[Termination "Caterpiller35 won by resignation"]

1. e4 c5 2. Nf3 Nc6 3. d4 cxd4 4. Nxd4 e5 5. Nxc6 bxc6 6. Nc3 Nf6 7. Bg5 Bc5 8. Bc4 d6 9. O-O h6 10. Bh4 g5 11. Bg3 h5 12. h3 h4 13. Bh2 g4 14. Na4 g3 15. Nxc5 gxh2+ 16. Kxh2 dxc5 17.
Qf3 Qe7 18. Rad1 Be6 19. Be2 Rg8 20. Qc3 Nd7 21. Qa5 Qg5 22. Bf3 Qf4+ 23. Kh1 Bxh3 24. Qc7 Be6 25. Qxc6 Rd8 26. Rd6 h3 27. Rxe6+ fxe6 28. Qxe6+ Kf8 29. Qd6+ Kg7 30. Qe7+ Kh8 0-1

[Event "*** SCC Grand Prix: Titled Tuesday Blitz"]
[Site "Chess.com"]
[Date "2020.09.08"]
[Round "2"]
[White "Mbneu"]
[Black "anasta10"]
[Result "0-1"]
[WhiteElo "2246"]
[BlackElo "2463"]
[TimeControl "180+1"]
[EndTime "10:16:46 PDT"]
[Termination "anasta10 won by resignation"]

1. d4 Nf6 2. c4 g6 3. Nc3 d5 4.
cxd5 Nxd5 5. g3 Bg7 6. Bg2 Nb6 7. Nf3 O-O 8. O-O Nc6 9. d5 Na5 10. Be3 Nac4 11. Bd4 Nxb2 12. Qc2 N2c4 13. Bxg7 Kxg7 14. Rfd1 Bf5 15. e4 Bg4 16. Nb5 Qd7 17. a4 a5 18. Rd4 c6 19. dxc6 Qxc6 20. Rc1 Bxf3 21. Bxf3 Ne5 22. Be2 Qxc2 23. Rxc2 Rac8 24. Rxc8 Rxc8 25.
f4 Nc6 26. Rd2 Nb4 27. Rd4 Nxa4 28. Na7 Rc5 29. Rd7 Nc3 30. Kf2 Nxe4+ 31. Ke3 Nd6 32.
Rc7 Rxc7 0-1

[Event "*** SCC Grand Prix: Titled Tuesday Blitz"]
[Site "Chess.com"]
[Date "2020.09.08"]
[Round "2"]
[White "chenxiaoyuer"]
[Black "KiranManisha"]
[Result "1-0"]
[WhiteElo "2463"]
[BlackElo "2244"]
[TimeControl "180+1"]
[EndTime "10:16:46 PDT"]
[Termination "chenxiaoyuer won by resignation"]

1. e4 c5 2. Nf3 d6 3. d4 cxd4 4. Nxd4 Nf6 5. Nc3 Nc6 6. Be2 g6 7. O-O Bg7 8. Nb3 O-O 9. Bg5 Na5 10. Nd2 Be6 11. Kh1 Rc8 12. f4 Nc4 13. Nxc4 Bxc4 14. Bxc4 Rxc4 15. Qd3 Qc8 16. f5 Re8 17. Rae1 Nd7 18. Nd5 f6 19. Ne3 Ne5 20. Qd5+ e6 21. fxe6 Rc5 22. Qxd6 fxg5 23. Nd5 Rxe6 24. Ne7+ Rxe7 25.
Qxe7 Rc7 26. Qxg5 Rxc2 27. Rd1 Nf7 28. Qd5 Qe8 29. Qxb7 Rxb2 30. Qd5 h6 31. Rc1 Rb8 32.
Rc7 Rd8 33. Qxf7+ Qxf7 34. Rcxf7 1-0

[Event "*** SCC Grand Prix: Titled Tuesday Blitz"]
[Site "Chess.com"]
[Date "2020.09.08"]
[Round "2"]
[White "dbrankovic68"]
[Black "politeplayer"]
[Result "0-1"]
[WhiteElo "2445"]
[BlackElo "2256"]
[TimeControl "180+1"]
[EndTime "10:16:48 PDT"]
[Termination "politeplayer won by resignation"]

1. e4 c5 2. Nf3 d6 3. d4 cxd4 4.
Nxd4 Nf6 5. Nc3 g6 6. Be3 Bg7 7.
f3 O-O 8. Qd2 Nc6 9. Bc4 Bd7 10.
Bb3 Rc8 11. O-O-O Nxd4 12. Bxd4 b5 13. h4 a5 14. h5 a4 15. Bxf6 exf6 16. Bd5 b4 17. Ne2 b3 18. axb3 axb3 19. Bxb3 Qb6 20. Nd4 f5 21. exf5 Bxd4 22. Qxd4 Qxb3 23. Qd3 Qxd3 24. Rxd3 Bxf5 25. Rd2 Ra8 26. Kb1 Ra6 27. Rhd1 Rfa8 28. b3 Ra1+ 29. Kb2 R8a2+ 30. Kc3 Rxd1 31. Rxd1 Rxc2+ 32. Kb4 Rxg2 33. Rxd6 gxh5 34. Rd5 Bg6 35. f4 Rg4 36. Rd4 h4 37. Kc5 h3 38. Rd1 Rxf4 39.
b4 h2 40. b5 Be4 0-1